 Dungeon Crawl Stone Soup version 0.30-a0-578-gdee14c521f (webtiles) character file.

Game seed: 3406265072556421516

3936 wormed the Carver (level 10, -5/115 HPs)
             Began as a Demonspawn Gladiator on Jan 1, 2023.
             Was a Priest of Okawaru.
             Slain by a yak (6 damage)
             ... on level 10 of the Dungeon.
             The game lasted 00:13:00 (9686 turns).

wormed the Carver (Demonspawn Gladiator)            Turns: 9686, Time: 00:13:00

Health: -5/115     AC: 25    Str: 22    XL:     10   Next: 1%
Magic:  10/10      EV:  2    Int:  9    God:    Okawaru [***...]
Gold:   352        SH:  0    Dex: 18    Spells: 9/9 levels left

rFire   . . .      SeeInvis .    j - +0 dagger (elec)
rCold   . . .      Faith    .    G - +0 buckler
rNeg    . . .      Spirit   .    (body armour currently unavailable)
rPois   +          Reflect  .    (helmet currently unavailable)
rElec   .          Harm     .    (cloak currently unavailable)
rCorr   .          Rampage  .    (gloves currently unavailable)
Will    .....      NoTele   +    (boots currently unavailable)
Stlth   +                        (no amulet)
HPRegen 0.39/turn                t - +5 ring of evasion
MPRegen 0.12/turn                Q - +6 ring of strength

@: confused, tree-form, ambrosia-drunk, hasted, very quick
A: stationary, stasis, torment immunity, boosted hp, (claws 2), powered by death
1, (sanguine armour 2), condensation shield
a: Renounce Religion, Heroism


You were on level 10 of the Dungeon.
You worshipped Okawaru.
Okawaru was most pleased with you.
You were a tree.
You visited 2 branches of the dungeon, and saw 11 of its levels.

You collected 541 gold pieces.
You spent 189 gold pieces at shops.

Inventory:

Hand Weapons
 j - a +0 dagger of electrocution (weapon)
 L - a +1 dagger of venom
Missiles
 b - 14 poisoned darts (quivered)
 d - 3 throwing nets
 e - a javelin
 P - a curare-tipped dart
Armour
 k - a +0 pair of gloves (melded)
 y - a +0 cloak (melded)
 z - a +2 pair of boots (melded)
 G - a +0 buckler (worn)
 R - +0 steam dragon scales (melded)
 S - a +2 helmet (melded)
Jewellery
 a - a ring of protection from cold
 t - a +5 ring of evasion (left branch)
 Q - a +6 ring of strength (right branch)
Wands
 h - a wand of acid (2)
 A - a wand of mindburst (19)
 N - a wand of roots (5)
Scrolls
 n - 3 scrolls of vulnerability
 s - a scroll of brand weapon
 u - a scroll of fog
 v - 2 scrolls of amnesia
 w - a scroll of enchant armour
 x - a scroll of poison
 B - 2 scrolls of silence
 C - a scroll of immolation
 D - 3 scrolls of noise
 F - a scroll of magic mapping
 J - a scroll of fear
 K - a scroll of blinking
Potions
 g - 4 potions of mutation
 i - 2 potions of berserk rage
 l - a potion of magic
 m - a potion of brilliance
 o - 3 potions of degeneration
 p - 2 potions of cancellation
 q - a potion of lignification
 r - a potion of haste
 H - a potion of flight


   Skills:
 + Level 6.7 Fighting
 * Level 8.9 Long Blades
 - Level 1.7 Throwing
 + Level 6.5 Dodging
 + Level 5.7 Shields


You had 9 spell levels left.
You didn't know any spells.
Your spell library contained the following spells:

 Spells                   Type           Power      Damage    Failure   Level
 Kiss of Death            Conj/Necr      0%         2d5       45%         1
 Shock                    Conj/Air       0%         1d3       45%         1
 Ensorcelled Hibernation  Hex/Ice        0%         N/A       61%         2
 Confusing Touch          Hex            0%         N/A       83%         3
 Spider Form              Tmut/Pois      0%         N/A       83%         3
 Swiftness                Air            0%         N/A       83%         3
 Airstrike                Air            0%         2d(0-16)  99%         4
 Anguish                  Hex/Necr       0%         N/A       99%         4
 Dispel Undead            Necr           0%         3d6       99%         4


Dungeon Overview and Level Annotations

Branches:
Dungeon (10/15)            Temple (1/1) D:4
   Lair: D:8-11         Orc: D:9-12

Altars:
Fedhas
Gozag
Kikubaaqudgha
Makhleb
Nemelex Xobeh
Okawaru
Sif Muna
Trog
Vehumet
Wu Jian
Xom
Yredelemnul

Shops:
D:7 ?


Innate Abilities, Weirdness & Mutations

You are a tree.
Your roots penetrate the ground, keeping you stationary.
You cannot be teleported.
You are immune to unholy pain and torment.
Your maximum health is greatly increased.
Your equipment is partially melded.
((You have very sharp fingernails.))
You regenerate a little health from kills.
((When seriously injured, your blood forms thick armour. (AC +0)))
A meltable shield of frost defends you. (SH +0)


Message History

The orc warrior hits you from afar with a +0 trident.
* * * LOW HITPOINT WARNING * * *
The yak gores you but does no damage.
You hit the yak. Lightning courses through the yak!
The yak is heavily wounded.
You hit the yak. Lightning courses through the yak!
The yak is severely wounded.
You block the yak's attack.
The orc warrior hits you but does no damage.
The yak gores you but does no damage. You block the yak's attack.
You hit the yak.
The yak is severely wounded.
You closely miss the yak.
The yak is severely wounded.
The yak gores you.
* * * LOW HITPOINT WARNING * * *
The yak gores you but does no damage.
The orc warrior hits you but does no damage.
The yak gores you but does no damage.
You barely miss the yak.
The yak is severely wounded.
You are confused.
You feel invigorated. The yak gores you but does no damage.
The orc warrior hits you but does no damage.
The yak gores you but does no damage. The yak gores you.
* * * LOW HITPOINT WARNING * * *
You cannot move. (Use ctrl+direction or * direction to attack while stationary and confused.)
You cannot move. (Use ctrl+direction or * direction to attack while stationary and confused.)
You cannot move. (Use ctrl+direction or * direction to attack while stationary and confused.)
The yak gores you but does no damage.
The orc warrior hits you but does no damage.
The yak snorts and paws the ground.
The yak gores you but does no damage. The yak gores you!
* * * LOW HITPOINT WARNING * * *
The yak gores you!
* * * LOW HITPOINT WARNING * * *
The orc warrior hits you from afar with a +0 trident.
* * * LOW HITPOINT WARNING * * *
The yak gores you.
You die...

###.#######
.......YY♣#
........YY#
.......o..#
..........#
..........#
..........#
..........#
..........#


You could see 4 yaks and an orc warrior.

Vanquished Creatures
  A troll (D:8)
  A shadow (D:9)
  2 wyverns
  Sigmund (D:6)
  3 yaks (D:8)
  2 chaos spawn (D:8)
  A steam dragon (D:8)
  A black bear (D:7)
  A sky beast (D:5)
  2 ogres
  4 centaurs
  A phantom (D:5)
  2 kobold brigands
  Blork the orc (D:4)
  2 bullfrogs
  A necrophage (D:5)
  5 wights (D:8)
  4 killer bees (D:8)
  2 howler monkeys (D:9)
  2 jellies
  3 orc priests
  Crazy Yiuf (D:4)
  3 iguanas
  6 orc wizards
  10 adders
  3 white imps
  An ufetubus (D:5)
  3 worms
  A dart slug (D:4)
  30 orcs
  6 ball pythons
  2 bats
  6 endoplasms
  6 giant cockroaches
  5 goblins
  3 hobgoblins
  5 quokkas
  3 frilled lizards
  21 kobolds
  7 rats
164 creatures vanquished.

Notes
Turn   | Place    | Note
-------+----------+-------------------------------------------
     0 | D:1      | wormed the Demonspawn Gladiator began the quest for the
                  | Orb.
     0 | D:1      | Reached XP level 1. HP: 16/16 MP: 1/1
   149 | D:1      | Gained mutation: You have sharp fingernails. [demonic
                  | ancestry]
   149 | D:1      | Reached XP level 2. HP: 22/22 MP: 2/2
   188 | D:1      | Reached skill level 3 in Long Blades
   649 | D:2      | Gained mutation: You regenerate a little health from kills.
                  | [demonic ancestry]
   649 | D:2      | Reached XP level 3. HP: 28/28 MP: 3/3
   677 | D:2      | Reached skill level 1 in Shields
  1309 | D:2      | Reached XP level 4. HP: 24/34 MP: 4/4
  1996 | D:3      | Gained mutation: A meltable shield of frost defends you.
                  | (SH +0) [demonic ancestry]
  1996 | D:3      | Reached XP level 5. HP: 40/40 MP: 5/5
  2139 | D:3      | Reached skill level 4 in Long Blades
  2454 | D:4      | Noticed Blork the orc
  2598 | D:4      | Found a runed translucent door.
  2599 | D:4      | Noticed Crazy Yiuf
  2626 | D:4      | Noticed a wyvern
  2689 | D:4      | Killed a wyvern
  2690 | D:4      | Reached XP level 6. HP: 38/47 MP: 6/6
  3084 | D:4      | Found a staircase to the Ecumenical Temple.
  3374 | D:4      | Killed Blork the orc
  3511 | D:4      | Killed Crazy Yiuf
  3512 | D:4      | Reached skill level 5 in Long Blades
  3624 | D:5      | Entered Level 5 of the Dungeon
  3639 | D:5      | Gained mutation: You have very sharp fingernails. [demonic
                  | ancestry]
  3639 | D:5      | Reached XP level 7. HP: 41/53 MP: 7/7
  4127 | D:5      | Found an ancient bone altar of Kikubaaqudgha.
  4338 | D:5      | Reached skill level 6 in Long Blades
  4641 | D:5      | Gained mutation: When seriously injured, your blood forms
                  | armour. (AC +0) [demonic ancestry]
  4641 | D:5      | Reached XP level 8. HP: 61/61 MP: 8/8
  4757 | Temple   | Entered the Ecumenical Temple
  4774 | Temple   | Became a worshipper of Warmaster Okawaru
  5295 | D:6      | Noticed Sigmund
  5300 | D:6      | Killed Sigmund
  6075 | D:7      | Reached skill level 5 in Dodging
  6337 | D:7      | Found Hiffef's Magic Scroll Shoppe.
  6346 | D:7      | Bought a scroll of identify for 28 gold pieces
  6346 | D:7      | Bought a scroll of identify for 28 gold pieces
  6346 | D:7      | Bought a scroll of blinking for 105 gold pieces
  6346 | D:7      | Bought a scroll of identify for 28 gold pieces
  6395 | D:7      | Reached skill level 5 in Fighting
  6549 | D:7      | Reached * piety under Okawaru
  6550 | D:7      | Reached skill level 7 in Long Blades
  7292 | D:8      | Reached XP level 9. HP: 67/68 MP: 9/9
  7376 | D:8      | Reached ** piety under Okawaru
  7440 | D:8      | Reached skill level 5 in Shields
  7543 | D:8      | Reached skill level 8 in Long Blades
  7626 | D:8      | Found a shimmering altar of Xom.
  7626 | D:8      | Found the +7 mace of Variability {chain chaos}
  7663 | D:8      | Paralysed by a chaos spawn for 4 turns
  8763 | D:9      | Noticed a troll
  8801 | D:8      | Killed a troll
  8989 | D:9      | Reached *** piety under Okawaru
  9186 | D:9      | Gained mutation: When seriously injured, your blood forms
                  | thick armour. (AC +0) [demonic ancestry]
  9186 | D:9      | Reached XP level 10. HP: 40/77 MP: 10/10
  9306 | D:9      | Noticed a deep elf pyromancer
  9587 | D:9      | Noticed a two-headed ogre
  9643 | D:10     | Entered Level 10 of the Dungeon
  9686 | D:10     | HP: 4/115 [yak (9)]
  9686 | D:10     | HP: 1/115 [orc warrior/+0 trident (3)]
  9686 | D:10     | Slain by a yak

Illustrated notes

Levels and vault maps discovered:
D:1:      eino_arrival_water_cross, layout_rooms
D:2:      layout_basic
D:3:      layout_loops_ring, kennysheep_boxes
D:4:      layout_basic, mainiacjoe_overflow_alcove_4,
          minmay_temple_entry_from_below_a, kennysheep_generic_room_14,
          uniq_crazy_yiuf_cottage, uniq_blork_the_orc
D:5:      layout_loops_corners, kiku_gazebo_garden_becter
D:6:      layout_basic, uniq_sigmund
D:7:      layout_basic, serial_shops, shop_scrolls, enter_bailey_2
D:8:      layout_basic, minmay_guarded_unrand_variability
D:9:      layout_grid_maze, kennysheep_little_box, lair_entry_dummy
D:10:     layout_roguey, hex_intersection
Temple:   hellmonk_temple_of_storms

Skill      XL: |  1  2  3  4  5  6  7  8  9 |
---------------+----------------------------+-----
Long Blades    | 3 4 5 6 7 8 |  8.9
Dodging        | 3 4 5 6 |  6.5
Shields        | 1 2 3 4 5 |  5.7
Fighting       | 3 4 5 6 |  6.7
Throwing       | |  1.7

Action                   |  1- 3 |  4- 6 |  7- 9 | 10-12 || total
-------------------------+-------+-------+-------+-------++-------
Melee: Long sword        |    52 |       |       |       ||    52
       Dagger            |    66 |   213 |   647 |    35 ||   961
       Punch             |       |     1 |       |       ||     1
Throw: Dart              |       |       |     6 |     3 ||     9
Evoke: Wand              |       |       |     3 |       ||     3
  Use: Scroll            |       |     5 |    13 |     3 ||    21
       Potion            |       |       |       |     6 ||     6
 Stab: Sleeping          |     2 |     2 |     2 |       ||     6
       Distracted        |       |       |     1 |       ||     1
Armor: Leather armour    |    35 |    44 |    95 |       ||   174
       Steam dragon scal |       |       |    19 |    15 ||    34
       Skin              |       |       |       |    39 ||    39
Dodge: Dodged            |    77 |   177 |   382 |    19 ||   655
Block: Other             |       |    23 |    11 |       ||    34
       Buckler           |       |       |   195 |    10 ||   205

Table legend: (Time is in decaauts)
 A = Elapsed time spent in this place.
 B = Non-inter-level travel time spent in this place.
 C = Inter-level travel time spent in this place.
 D = Time resting spent in this place.
 E = Time spent auto-exploring this place.
 F = Levels seen in this place.
 G = Mean time per level.
                   A        B        C        D        E       F      G
               +--------+--------+--------+--------+--------+-----+--------+
         Total |   9549 |   8718 |    831 |      0 |   6899 |  11 |  868.1 |
       Dungeon |   9518 |   8687 |    831 |      0 |   6894 |  10 |  951.8 |
        Temple |     30 |     30 |      0 |      0 |      5 |   1 |   30.0 |
               +--------+--------+--------+--------+--------+-----+--------+

Top non-repeatable levels by time:
     D:8: 1643 daAuts
     D:5: 1309 daAuts
     D:4: 1301 daAuts
     D:7: 1203 daAuts
     D:2: 1048 daAuts
     D:6: 1006 daAuts
     D:3: 821 daAuts
     D:1: 627 daAuts
     D:9: 528 daAuts
  Temple: 30 daAuts
    D:10: 28 daAuts
